 Dungeon Crawl Stone Soup version 0.19-a0-414-g76fec5b (webtiles) character file.

46 seren the Magician (level 3, -10/19 HPs)
             Began as a Deep Elf Wizard on May 31, 2016.
             Killed from afar by Robin (14 damage)
             ... with a wand of flame
             ... on level 2 of the Dungeon.
             The game lasted 00:11:47 (2029 turns).

seren the Magician (Deep Elf Wizard)                Turns: 2029, Time: 00:11:48

Health: -10/19     AC:  4    Str:  5    XL:     3   Next: 46%
Magic:  12/12      EV: 13    Int: 22    God:
Gold:   99         SH:  0    Dex: 13    Spells: 6 memorised, 0 levels left

rFire  . . .     SeeInvis .     i - +0 dagger
rCold  . . .     Gourm    .     a - +0 robe
rNeg   . . .     Faith    .     (no shield)
rPois  .         Spirit   .     b - +0 hat
rElec  .         Dismiss  .     (no cloak)
rCorr  .         Reflect  .     k - +1 pair of gloves
SustAt .         Harm     .     (no boots)
MR     .....                    (no amulet)
Stlth  ++........               (no ring)
                                (no ring)

@: not resistant to hostile enchantments, unstealthy
A: no striking features
a: no special abilities


You were on level 2 of the Dungeon.
You were not hungry.

You visited 1 branch of the dungeon, and saw 2 of its levels.

You collected 99 gold pieces.

Inventory:

Hand Weapons
 i - a +0 dagger (weapon)
Missiles
 n - 17 stones (quivered)
Armour
 a - a +0 robe (worn)
 b - a +0 hat (worn)
 k - a +1 pair of gloves (worn)
Scrolls
 e - a scroll of identify {unknown}
 h - a scroll of amnesia {unknown}
 o - a scroll of recharging {unknown}
Potions
 f - 2 potions of cure mutation {unknown}
 g - 2 potions of curing {unknown}
 l - a potion of degeneration {unknown}
 p - a potion of flight {unknown}
Books
 c - a book of Minor Magic

   Spells                             Type                      Level
   a - Magic Dart                     Conjuration                  1
   b - Blink                          Translocation                2
   c - Call Imp                       Summoning                    2
   d - Repel Missiles                 Charms/Air                   2
   e - Slow                           Hexes                        2
   f - Conjure Flame                  Conjuration/Fire             3
   g - Mephitic Cloud                 Conjuration/Poison/Air       3
 m - a book of Power

   Spells                             Type                      Level
   a - Fulminant Prism                Conjuration/Hexes            4
   b - Iskenderun's Mystic Blast      Conjuration                  4
   c - Venom Bolt                     Conjuration/Poison           5
   d - Bolt of Magma                  Conjuration/Fire/Earth       5
   e - Iron Shot                      Conjuration/Earth            6
   f - Orb of Destruction             Conjuration                  7
   g - Spellforged Servitor           Conjuration/Summoning        7
Comestibles
 d - a bread ration
 j - 7 fruits
 q - 8 chunks of flesh


   Skills:
 - Level 2.4 Dodging
 - Level 2.4 Stealth
 + Level 5.7 Spellcasting
 + Level 2.2 Conjurations
 + Level 1.1 Summonings
 + Level 1.1 Translocations
 + Level 0.0 Fire Magic


You couldn't memorise any spells.
You knew the following spells:

 Your Spells              Type           Power        Failure   Level  Hunger
a - Magic Dart            Conj           ###.         4%          1    None
b - Blink                 Tloc           N/A          10%         2    None
c - Call Imp              Summ           ##......     10%         2    None
d - Repel Missiles        Chrm/Air       #.....       17%         2    None
e - Conjure Flame         Conj/Fire      ##......     17%         3    ##.....
f - Mephitic Cloud        Conj/Pois/Air  #.......     21%         3    ##.....


Dungeon Overview and Level Annotations

Branches:
Dungeon (2/15)

Altars:
Ashenzari

Annotations:
D:2 exclusion: adder, Robin


Message History

Robin roars a battlecry!
The hobgoblin goes into a battle-frenzy!
Casting: Magic Dart
Confirm with . or Enter, or press ? or * to list all spells.
Aiming: Magic Dart
Press: ? - help, Shift-Dir - straight line, f/p - Robin
Aim: Robin, wielding a short sword, wearing an animal skin and wearing a runed helmet (lightly wounded)
Okay, then.
Some of the chunks of flesh in your inventory have rotted away.
Robin roars a battlecry!
There is an open door here.
Robin zaps a wand.
The puff of flame hits you!
It is a wand of flame.
Robin zaps a wand.
The puff of flame hits you!
Robin zaps a wand.
The puff of flame hits you!
* * * LOW HITPOINT WARNING * * *
Things that are here:
a club x2; a goblin skeleton Robin zaps a wand.
The puff of flame hits you!
Ouch! That really hurt!
You die...

#####.....#
#......g.##
######..############
#..###.........
#......########
##.##### #)# #.# #@#
..##.#
#.##.############
#.#.............#
####
#.#..##########.#
..# #.#.<.### #.#
#.# #.......## #.#
#.###.#...#..#
#.##### #.
#.......)###.#
#......


You could see Robin.

Vanquished Creatures
  An ooze (D:2)
  3 dart slugs (D:1)
  2 giant geckos
  2 giant cockroaches
  5 goblins
  A hobgoblin (D:2)
  5 bats
  2 giant newts
  7 kobolds
  5 rats
33 creatures vanquished.

Notes
Turn   | Place    | Note
--------------------------------------------------------------
     0 | D:1      | seren the Deep Elf Wizard began the quest for the Orb.
     0 | D:1      | Reached XP level 1. HP: 10/10 MP: 7/7
   136 | D:1      | Reached XP level 2. HP: 15/15 MP: 2/9
   267 | D:1      | Reached skill level 5 in Spellcasting
   271 | D:1      | Learned a level 2 spell: Blink
   274 | D:1      | Learned a level 2 spell: Call Imp
  1114 | D:2      | Reached XP level 3. HP: 19/19 MP: 8/11
  1303 | D:2      | Found a shattered altar of Ashenzari.
  1603 | D:2      | Learned a level 2 spell: Repel Missiles
  1607 | D:2      | Learned a level 3 spell: Conjure Flame
  1611 | D:2      | Learned a level 3 spell: Mephitic Cloud
  1770 | D:2      | Noticed Robin
  2029 | D:2      | Killed from afar by Robin

Vault maps used:
D:1:      saegor_arrival_simple_f, minivault_23
D:2:      evilmike_ruin_ashenzari, serial_aquarium,
          aquarium_bridge_long_separate, aquarium_bridge_straight,
          aquarium_window_fake, aquarium_window_2, aquarium_window_corner,
          aquarium_window_1, aquarium_view_2b, uniq_sigmund, uniq_terence,
          uniq_robin

Skill      XL: |  1  2 |
---------------+-------+-----
Spellcasting   | 5 |  5.7
Conjurations   | 2 |  2.2
Dodging        | |  2.4
Stealth        | |  2.4
Summonings     | |  1.1
Translocations | |  1.1

Action                   || total
-------------------------++-------
Melee: Unarmed           ||     1
       Dagger            ||     3
 Cast: Magic Dart        ||    72
  Eat: Chunk             ||     3
Armor: Robe              ||     6
Dodge: Dodged            ||    20
